 Dungeon Crawl Stone Soup version 0.20-a0-689-g860b9ab (webtiles) character file.

3 Kaname the Vexing (level 1, -1/13 HPs)
             Began as a Demonspawn Enchanter on Feb 19, 2017.
             Slain by a leopard gecko (4 damage)
             ... on level 1 of the Dungeon.
             The game lasted 00:00:45 (394 turns).

Kaname the Vexing (Demonspawn Enchanter)             Turns: 394, Time: 00:00:45

Health: -1/13      AC:  2    Str:  8    XL:     1   Next: 41%
Magic:  2/3        EV: 12    Int: 16    God:
Gold:   20         SH:  0    Dex: 13    Spells: 3/4 levels left

rFire    . . .     SeeInvis .   a - +1 dagger
rCold    . . .     Gourm    .   b - +0 robe
rNeg     . . .     Faith    .   (no shield)
rPois    .         Spirit   .   (no helmet)
rElec    .         Reflect  .   (no cloak)
rCorr    .         Harm     .   (no gloves)
MR       .....                  (no boots)
Stlth    ++........             (no amulet)
Regen    0.1/turn               (no ring)
MPRegen  0.1/turn               (no ring)

@: no status effects
A: no striking features
a: no special abilities


You were on level 1 of the Dungeon.
You were not hungry.

You visited 1 branch of the dungeon, and saw 1 of its levels.

You collected 20 gold pieces.

Inventory:

Hand Weapons
 a - a +1 dagger (weapon)
Missiles
 l - a throwing net (quivered)
Armour
 b - a +0 robe (worn)
Scrolls
 e - a scroll of remove curse {unknown}
 i - a scroll of random uselessness {unknown}
 j - a scroll of fear {unknown}
Potions
 f - a potion of magic {unknown}
 h - a potion of curing {unknown}
 k - a potion of agility {unknown}
Books
 c - a book of Maledictions

   Spells                             Type                      Level
   a - Corona                         Hexes                        1
   b - Ensorcelled Hibernation        Hexes/Ice                    2
   c - Confuse                        Hexes                        3
   d - Tukima's Dance                 Hexes                        3
   e - Dazzling Spray                 Conjuration/Hexes            3
Comestibles
 d - a bread ration
 g - 3 meat rations


   Skills:
 - Level 1.0 Short Blades
 - Level 1.7 Dodging
 + Level 2.9 Stealth
 - Level 2.0 Spellcasting
 - Level 3.0 Hexes


You had 3 spell levels left.
You knew the following spells:

 Your Spells              Type           Power        Failure   Level  Hunger
a - Corona                Hex            ##.....      8%          1    #......


Dungeon Overview and Level Annotations

Branches:
Dungeon (1/15)

Altars:


Message History

Casting: Corona
Confirm with . or Enter, or press ? or * to list all spells.
Aiming: Corona
Press: ? - help, Shift-Dir - straight line, f - leopard gecko
Aim: a leopard gecko (chance to defeat MR: 64%)
The leopard gecko barely resists.
The leopard gecko bites you.
* * * LOW HITPOINT WARNING * * *
You hit the leopard gecko.
The leopard gecko is lightly wounded.
The leopard gecko barely misses you.
You hit the leopard gecko.
The leopard gecko is moderately wounded.
The leopard gecko misses you. The leopard gecko closely misses you.
You completely miss the leopard gecko.
The leopard gecko is lightly wounded.
The leopard gecko bites you but does no damage.
You closely miss the leopard gecko.
The leopard gecko is lightly wounded.
The leopard gecko bites you.
You die...

...#+#### #....#
........# #####....#
#......# #........#
#..$...######........#
#...........#.....#'##
####>...!...............
......#......########+##
......#.####.# #......#
.......@..##.# #......#
####...l....... +......'
......#...##!## #......#
..##.##...##.# #......#
. #. #...##.# #......# .
....##+########'## ##
###..#....# #.##
.........# #.##
#.......######.##


You could see a leopard gecko.

Vanquished Creatures
  A goblin (D:1)
  A bat (D:1)
  2 frilled lizards (D:1)
4 creatures vanquished.

Notes
Turn   | Place    | Note
-------+----------+-------------------------------------------
     0 | D:1      | Kaname the Demonspawn Enchanter began the quest for the Orb.
     0 | D:1      | Reached XP level 1. HP: 13/13 MP: 3/3
     2 | D:1      | Noticed a halfling
     4 | D:1      | Noticed a merfolk
     4 | D:1      | Noticed a dwarf
     6 | D:1      | Noticed a felid
     8 | D:1      | Noticed a vampire
     8 | D:1      | Noticed a vine stalker
    10 | D:1      | Noticed a tengu
    10 | D:1      | Noticed a demigod
    12 | D:1      | Noticed an octopode
    12 | D:1      | Noticed a ghoul
    14 | D:1      | Noticed a centaur
    14 | D:1      | Noticed a human
    16 | D:1      | Noticed an elf
    16 | D:1      | Noticed a gargoyle
    18 | D:1      | Noticed an ogre
    18 | D:1      | Noticed a spriggan
    20 | D:1      | Noticed a troll
    20 | D:1      | Noticed a naga
    22 | D:1      | Noticed a formicid
    24 | D:1      | Noticed a demonspawn
    26 | D:1      | Noticed a draconian
    26 | D:1      | Noticed a minotaur
    30 | D:1      | Reached skill level 1 in Short Blades
   394 | D:1      | Slain by a leopard gecko

Vault maps used:
D:1:      kb_arrival_jail, minivault_25

Skill      XL: |  1 |
---------------+----+-----
Short Blades   | 1 |  1.0
Dodging        | |  1.7
Stealth        | |  2.9
Spellcasting   | |  2.0
Hexes          | |  3.0

Action                   || total
-------------------------++-------
Melee: Dagger            ||    13
 Cast: Corona            ||     1
 Stab: Sleeping          ||     1
Armor: Robe              ||     1
Dodge: Dodged            ||     8
